 Dungeon Crawl Stone Soup version 0.27-a0-1438-g9b7c6745da (webtiles) character file.

Game seed: 6117631142295047996

216 BlueGoblin the Charlatan (level 5, 0/41 HPs)
             Began as a Gnoll Artificer on July 4, 2021.
             Slain by an iguana (10 damage)
             ... on level 3 of the Dungeon.
             The game lasted 00:07:05 (3956 turns).

BlueGoblin the Charlatan (Gnoll Artificer)          Turns: 3956, Time: 00:07:05

Health: 0/41       AC:  6    Str: 13    XL:     5   Next: 93%
Magic:  7/7        EV:  9    Int: 10    God:
Gold:   156        SH:  7    Dex: 12    Spells: 7/7 levels left

rFire    + . .     SeeInvis .   b - +0 dagger (elec)
rCold    . . .     Faith    .   l - +0 kite shield
rNeg     . . .     Spirit   .   u - +1 leather armour {Will+}
rPois    .         Reflect  .   (no helmet)
rElec    .         Harm     .   (no cloak)
rCorr    .         Rampage  .   k - +1 pair of gloves
Will     +....                  (no boots)
Stlth    ++........             (no amulet)
HPRegen  0.13/turn              n - ring of protection from fire
MPRegen  0.10/turn              (no ring)

@: no status effects
A: fangs 1, strong nose, distributed training
a: no special abilities


You were on level 3 of the Dungeon.
You visited 1 branch of the dungeon, and saw 3 of its levels.

You collected 156 gold pieces.

Inventory:

Hand Weapons
 a - a +0 flail
 b - a +0 dagger of electrocution (weapon)
 c - a +0 mace
Missiles
 j - 90 stones
 o - 19 sling bullets
 p - 2 boomerangs
 s - 2 throwing nets
 t - 58 arrows
Armour
 f - a +0 scale mail
 k - a +1 pair of gloves (worn)
 l - a +0 kite shield (worn)
 u - a +1 leather armour of willpower (worn)
Jewellery
 n - a ring of protection from fire (left hand)
Wands
 d - a wand of charming (15)
 i - a wand of polymorph (6)
 r - a wand of acid (3)
Potions
 h - a potion of brilliance {unknown}
 m - a potion of magic {unknown}
 q - a potion of degeneration {unknown}
Miscellaneous
 e - a piece from Xom's chessboard (15/15)


   Skills:
 + Level 3.1 Fighting
 + Level 1.7 Short Blades
 + Level 1.7 Long Blades
 + Level 1.7 Axes
 + Level 1.7 Maces & Flails
 + Level 1.7 Polearms
 + Level 1.7 Staves
 + Level 1.7 Slings
 + Level 1.7 Bows
 + Level 1.7 Crossbows
 + Level 1.7 Throwing
 + Level 4.9 Armour
 + Level 3.1 Dodging
 + Level 2.9 Stealth
 + Level 1.7 Shields
 + Level 1.7 Unarmed Combat
 + Level 1.7 Spellcasting
 + Level 1.3 Conjurations
 + Level 1.3 Hexes
 + Level 1.3 Summonings
 + Level 1.3 Necromancy
 + Level 1.3 Translocations
 + Level 1.3 Transmutations
 + Level 1.3 Fire Magic
 + Level 1.3 Ice Magic
 + Level 1.3 Air Magic
 + Level 1.3 Earth Magic
 + Level 1.3 Poison Magic
 + Level 1.9 Invocations
 + Level 6.7 Evocations


You had 7 spell levels left.
You didn't know any spells.
Your spell library contained the following spells:

 Spells                   Type           Power      Damage    Failure   Level
 Foxfire                  Conj/Fire      12%        2x1d4     78%         1
 Conjure Flame            Conj/Fire      3%         6-21      98%         3
 Inner Flame              Hex/Fire       3%         N/A       98%         3
 Airstrike                Air            1%         N/A       100%        4
 Summon Lightning Spire   Summ/Air       3%         N/A       100%        4
 Lightning Bolt           Conj/Air       1%         1d12      100%        5


Dungeon Overview and Level Annotations

Branches:
Dungeon (3/15)

Altars:
Ru


Innate Abilities, Weirdness & Mutations

You have very sharp teeth.
Your uncanny sense of smell can sniff out nearby items.
Your experience applies equally to all skills.


Message History

You now have 156 gold pieces (gained 20).
Things that are here:
a +0 dagger; a +0 ring mail; an orc corpse
Things that are here:
a +0 dagger; a +0 ring mail; an orc corpse An iguana is nearby!
A kobold comes into view. It is wielding a +0 short sword.
You block the iguana's attack.
You hit the iguana but do no damage. Your bite misses the iguana.
The iguana bites you! The iguana bites you.
You barely miss the iguana. You bite the iguana, but do no damage.
The iguana barely misses you.
You hear the crackle of electricity.
b - a +0 dagger of electrocution (weapon)
The iguana bites you but does no damage.
You hit the iguana but do no damage. You block the iguana's attack.
You hit the iguana but do no damage. Lightning courses through the iguana!
The iguana is almost dead.
You block the iguana's attack.
Your shield prevents you from hitting the iguana.
Your bite misses the iguana.
The iguana is almost dead.
The iguana bites you but does no damage.
You hit the iguana but do no damage. Your bite misses the iguana.
The iguana is severely wounded.
The iguana barely misses you. You block the iguana's attack.
You barely miss the iguana.
The iguana is severely wounded.
The iguana misses you.
You closely miss the iguana.
The iguana is severely wounded.
The iguana bites you.
You hit the iguana but do no damage.
The iguana is severely wounded.
The iguana bites you!
* * * LOW HITPOINT WARNING * * *
You hit the iguana but do no damage.
The iguana is severely wounded.
The iguana bites you!
You die...

.###........#####................
.............#...................
.###)).........##................
.# #...........#######...........
.###.......#...###.......########
..##.......#........##....
..##.......#.......#...##..
..####.###)##..###.#.>## ##.
..####.##..#....@lK....#
..##...##.......###'''##
.....####..>...## ..# ...###
#.....## ..# .#.# ##.....## ..#
.#.#####.......# ∆ .#
.#)##....##....# #
.#.#..######.#.# .#.#.## #..##


You could see an iguana and a kobold.

Vanquished Creatures
  A bullfrog zombie (D:3)
  Jessica (D:2)
  An orc wizard (D:3)
  5 adders
  A worm (D:2)
  10 orcs
  5 ball pythons
  4 endoplasms
  2 giant cockroaches
  3 goblins
  8 hobgoblins
  7 jackals
  8 kobolds
  A quokka (D:1)
  5 bats
  3 frilled lizards
  9 rats
74 creatures vanquished.

Vanquished Creatures (others)
  11 toadstools (D:3)
11 creatures vanquished.

Grand Total: 85 creatures vanquished

Notes
Turn   | Place    | Note
-------+----------+-------------------------------------------
     0 | D:1      | BlueGoblin the Gnoll Artificer began the quest for the Orb.
     0 | D:1      | Reached XP level 1. HP: 17/17 MP: 1/1
   440 | D:1      | Found a faded altar of an unknown god.
   547 | D:1      | Reached XP level 2. HP: 23/23 MP: 2/2
  1160 | D:1      | Reached XP level 3. HP: 28/28 MP: 3/3
  1845 | D:2      | Reached skill level 1 in Invocations
  1940 | D:2      | Noticed Jessica
  1967 | D:2      | Killed Jessica
  1968 | D:2      | Reached skill level 1 in Short Blades
  1968 | D:2      | Reached skill level 1 in Long Blades
  1968 | D:2      | Reached skill level 1 in Axes
  1968 | D:2      | Reached skill level 1 in Maces & Flails
  1968 | D:2      | Reached skill level 1 in Polearms
  1968 | D:2      | Reached skill level 1 in Staves
  1968 | D:2      | Reached skill level 1 in Slings
  1968 | D:2      | Reached skill level 1 in Bows
  1968 | D:2      | Reached skill level 1 in Crossbows
  1968 | D:2      | Reached skill level 1 in Throwing
  1968 | D:2      | Reached skill level 1 in Shields
  1968 | D:2      | Reached skill level 1 in Unarmed Combat
  1968 | D:2      | Reached skill level 1 in Spellcasting
  1968 | D:2      | Reached XP level 4. HP: 24/34 MP: 5/5
  2172 | D:2      | Reached skill level 1 in Conjurations
  2172 | D:2      | Reached skill level 1 in Hexes
  2172 | D:2      | Reached skill level 1 in Summonings
  2172 | D:2      | Reached skill level 1 in Necromancy
  2172 | D:2      | Reached skill level 1 in Translocations
  2172 | D:2      | Reached skill level 1 in Transmutations
  2172 | D:2      | Reached skill level 1 in Fire Magic
  2172 | D:2      | Reached skill level 1 in Ice Magic
  2172 | D:2      | Reached skill level 1 in Air Magic
  2172 | D:2      | Reached skill level 1 in Earth Magic
  2172 | D:2      | Reached skill level 1 in Poison Magic
  2990 | D:3      | Reached XP level 5. HP: 40/40 MP: 6/6
  3409 | D:3      | Found a sacrificial altar of Ru.
  3956 | D:3      | Slain by an iguana

Illustrated notes

Levels and vault maps discovered:
D:1:      lemuel_arrival_behind_the_door_small, layout_loops_cross,
          hellmonk_ecumenical_altar_crossroads
D:2:      layout_loops_ring, serial_glass, glass_columns_a, glass_columns_b,
          uniq_jessica
D:3:      cheibrodos_fertilizer, layout_rooms, old_standard_altar

Skill      XL: |  1  2  3  4  5 |
---------------+----------------+-----
Invocations    | 1 |  1.9
Short Blades   | 1 |  1.7
Long Blades    | 1 |  1.7
Axes           | 1 |  1.7
Maces & Flails | 1 |  1.7
Polearms       | 1 |  1.7
Staves         | 1 |  1.7
Slings         | 1 |  1.7
Bows           | 1 |  1.7
Crossbows      | 1 |  1.7
Throwing       | 1 |  1.7
Shields        | 1 |  1.7
Unarmed Combat | 1 |  1.7
Spellcasting   | 1 |  1.7
Conjurations   | 1 |  1.3
Hexes          | 1 |  1.3
Summonings     | 1 |  1.3
Necromancy     | 1 |  1.3
Translocations | 1 |  1.3
Transmutations | 1 |  1.3
Fire Magic     | 1 |  1.3
Ice Magic      | 1 |  1.3
Air Magic      | 1 |  1.3
Earth Magic    | 1 |  1.3
Poison Magic   | 1 |  1.3
Fighting       | 3 |  3.1
Dodging        | 3 |  3.1
Armour         | |  4.9
Stealth        | |  2.9
Evocations     | |  6.7

Action                   |  1- 3 |  4- 6 || total
-------------------------+-------+-------++-------
Melee: Club              |    34 |       ||    34
       Short sword       |   138 |    52 ||   190
       Bite              |     8 |    12 ||    20
       Flail             |       |    56 ||    56
       Dagger            |       |    32 ||    32
Evoke: Wand              |       |    17 ||    17
  Use: Scroll            |     2 |     2 ||     4
 Stab: Sleeping          |       |     1 ||     1
Armor: Scale mail        |   110 |    39 ||   149
       Skin              |     8 |     8 ||    16
       Leather armour    |       |    21 ||    21
Dodge: Dodged            |    76 |    52 ||   128
Block: Kite shield       |    31 |    53 ||    84

Table legend: (Time is in decaauts)
 A = Elapsed time spent in this place.
 B = Non-inter-level travel time spent in this place.
 C = Inter-level travel time spent in this place.
 D = Time resting spent in this place.
 E = Time spent auto-exploring this place.
 F = Levels seen in this place.
 G = Mean time per level.
                   A        B        C        D        E       F      G
               +--------+--------+--------+--------+--------+-----+--------+
         Total |   4053 |   3936 |    117 |   1303 |   1756 |   3 | 1351.0 |
       Dungeon |   4053 |   3936 |    117 |   1303 |   1756 |   3 | 1351.0 |
               +--------+--------+--------+--------+--------+-----+--------+

Top non-repeatable levels by time:
     D:1: 1818 daAuts
     D:2: 1335 daAuts
     D:3: 899 daAuts
